 Dungeon Crawl Stone Soup version 0.29-a0-775-g4d7333d4e2 (webtiles) character file.

Game seed: 18035765142073647195

588 Mesmaeker13 the Poker (level 7, -6/62 HPs)
             Began as a Minotaur Gladiator on July 1, 2022.
             Mangled by Prince Ribbit (12 damage)
             ... on level 5 of the Dungeon.
             The game lasted 00:06:48 (4572 turns).

Mesmaeker13 the Poker (Minotaur Gladiator)          Turns: 4572, Time: 00:06:50

Health: -6/62      AC:  9    Str: 18    XL:     7   Next: 15%
Magic:  6/6        EV:  8    Int:  7    God:
Gold:   279        SH:  0    Dex: 12    Spells: 6/6 levels left

rFire   + . .      SeeInvis .   a - +0 trident
rCold   x . .      Faith    .   (no shield)
rNeg    . . .      Spirit   .   z - +0 chain mail
rPois   .          Reflect  .   c - +0 hat
rElec   .          Harm     .   x - scarf {+Inv}
rCorr   .          Rampage  .   (no gloves)
Will    .....                   (no boots)
Stlth   ..........              (no amulet)
HPRegen 0.20/turn               y - ring of fire
MPRegen 0.10/turn               (no ring)

@: on berserk cooldown, slowed, very slow
A: horns 2, retaliatory headbutt
a: Evoke Invisibility


You were on level 5 of the Dungeon.
You visited 1 branch of the dungeon, and saw 5 of its levels.

You collected 279 gold pieces.

Inventory:

Hand Weapons
 a - a +0 trident (weapon)
 A - a +0 sling
Armour
 b - a +0 leather armour
 c - a +0 hat (worn)
 n - the +5 robe of Catatonia {rPois}
   (You found it on level 2 of the Dungeon)

   rPois:     It protects you from poison.
 x - a scarf of invisibility (worn)
 z - a +0 chain mail (worn)
Jewellery
 y - a ring of fire (left hand)
Scrolls
 d - a scroll of fog {unknown}
 f - 5 scrolls of amnesia
 g - 4 scrolls of teleportation
 l - a scroll of summoning
 m - 2 scrolls of brand weapon {unknown}
 o - a scroll of vulnerability {unknown}
 q - a scroll of noise {unknown}
 r - a scroll of enchant weapon {unknown}
 s - a scroll of blinking {unknown}
 u - a scroll of immolation {unknown}
 v - 2 scrolls of magic mapping
 w - a scroll of enchant armour {unknown}
Potions
 h - a potion of brilliance {unknown}
 i - 2 potions of curing
 j - a potion of might {unknown}
 k - a potion of lignification {unknown}
 p - a potion of haste {unknown}


   Skills:
 + Level 5.7 Fighting
 + Level 6.4 Polearms
 - Level 2.0 Throwing
 + Level 5.1 Armour
 - Level 3.2 Dodging


You had 6 spell levels left.
You didn't know any spells.
Your spell library contained the following spells:

 Spells                   Type           Power      Damage    Failure   Level
 Magic Dart               Conj           0%         1d3       99%         1
 Call Imp                 Summ           0%         N/A       100%        2
 Searing Ray              Conj           0%         2d4       100%        2
 Mephitic Cloud           Conj/Pois/Air  0%         N/A       100%        3
 Fulminant Prism          Conj/Hex       0%         3d6       100%        4


Dungeon Overview and Level Annotations

Branches:
Dungeon (5/15)
 Temple: D:4-7

Altars:
Elyvilon
Ru
Zin
The Shining One

Shops:
D:2 (

Annotations:
D:5 Menkaure, Prince Ribbit


Innate Abilities, Weirdness & Mutations

You have a pair of horns on your head.
You reflexively headbutt those who attack you in melee.


Message History

You barely miss Prince Ribbit.
Prince Ribbit is moderately wounded.
Prince Ribbit hits you!
Prince Ribbit blinks!
Prince Ribbit attacks as you move away!
Prince Ribbit hits you but does no damage.
A red film seems to cover your vision as you go berserk!
You feel yourself moving faster!
You feel mighty! Prince Ribbit barely misses you. You furiously retaliate!
You headbutt Prince Ribbit! You closely miss Prince Ribbit.
You headbutt Prince Ribbit!
Prince Ribbit is severely wounded.
Prince Ribbit hits you!
You barely miss Prince Ribbit.
Prince Ribbit is severely wounded.
Prince Ribbit blinks!
You feel a strong urge to attack something.
You closely miss Prince Ribbit.
Prince Ribbit is severely wounded.
Prince Ribbit hits you!
You closely miss Prince Ribbit.
Prince Ribbit is severely wounded.
Prince Ribbit blinks!
Prince Ribbit blinks!
You are too injured to fight recklessly!
You feel a strong urge to attack something.
You closely miss Prince Ribbit. Your headbutt misses Prince Ribbit.
Prince Ribbit is severely wounded.
You are no longer berserk.
You are exhausted.
You feel yourself slow down. Prince Ribbit hits you.
You barely miss Prince Ribbit.
Prince Ribbit is severely wounded.
Prince Ribbit hits you!
* * * LOW HITPOINT WARNING * * *
Prince Ribbit hits you!
* * * LOW HITPOINT WARNING * * *
You miss Prince Ribbit. Your headbutt misses Prince Ribbit.
Prince Ribbit is severely wounded.
Prince Ribbit hits you!
You die...

#. ##...##...##... #....##
'###.####...##...##...
.W..... $..................
.. .......
.................... .
.......
.....................
#......
#...###..##.##...####
#......#########..##.##...#
.........#.....†.<..........
.........#...F@.............
#######(.'..............)...
........................
.#......................
..#......#..............
...#....#....#...#######
....#..#....##...#
.....#.............
.....#.#.#.#....!.#


You could see Prince Ribbit.

Vanquished Creatures
  A necrophage (D:5)
  A hound (D:5)
  5 iguanas
  4 orc wizards
  7 gnolls (D:4)
  2 adders
  An ufetubus (D:4)
  3 worms
  2 dart slugs
  10 orcs
  4 ball pythons
  3 bats
  2 endoplasms (D:2)
  5 giant cockroaches
  7 goblins
  10 hobgoblins
  4 jackals (D:4)
  2 quokkas
  2 frilled lizards (D:2)
  9 kobolds
  7 rats
91 creatures vanquished.

Vanquished Creatures (collateral kills)
  An ogre (D:5)
1 creature vanquished.

Grand Total: 92 creatures vanquished

Notes
Turn   | Place    | Note
-------+----------+-------------------------------------------
     0 | D:1      | Mesmaeker13 the Minotaur Gladiator began the quest for the
                  | Orb.
     0 | D:1      | Reached XP level 1. HP: 18/18 MP: 0/0
    79 | D:1      | Reached skill level 1 in Armour
   132 | D:1      | Reached XP level 2. HP: 25/25 MP: 1/1
   231 | D:1      | Reached skill level 4 in Polearms
   472 | D:1      | Found a faded altar of an unknown god.
   840 | D:2      | Identified the +5 robe of Catatonia {rPois}
   882 | D:2      | Reached XP level 3. HP: 31/31 MP: 2/2
   895 | D:2      | Found Ler Ruiwu's Antique Weapon Emporium.
  1870 | D:3      | Reached XP level 4. HP: 29/40 MP: 3/3
  2134 | D:3      | Found a white marble altar of Elyvilon.
  2379 | D:3      | Found a glowing golden altar of the Shining One.
  2381 | D:3      | Found a glowing silver altar of Zin.
  2689 | D:4      | Reached XP level 5. HP: 27/46 MP: 4/4
  2691 | D:4      | Reached skill level 5 in Polearms
  3166 | D:4      | Reached XP level 6. HP: 37/55 MP: 5/5
  3369 | D:5      | Entered Level 5 of the Dungeon
  3369 | D:5      | Found a sacrificial altar of Ru.
  3400 | D:5      | Reached skill level 5 in Fighting
  3957 | D:5      | Noticed Menkaure
  4221 | D:5      | Reached skill level 6 in Polearms
  4355 | D:5      | Reached skill level 5 in Armour
  4355 | D:5      | Reached XP level 7. HP: 58/61 MP: 6/6
  4546 | D:5      | Noticed Prince Ribbit
  4572 | D:5      | Mangled by Prince Ribbit

Illustrated notes

Levels and vault maps discovered:
D:1:      dpeg_arrival_refuge, layout_loops_ring,
          dreamdust_ecumenical_altar_hidden_monk_grotto
D:2:      layout_basic, serial_shops, nicolae_shop_hallway_stairs,
          minmay_misc_feat_tiny, minmay_hedge_maze
D:3:      layout_loops_ring, good_gods_temple_1
D:4:      nicolae_cairo_tiling_large, layout_loops_ring,
          small_statue_intersection
D:5:      layout_gridville, mainiacjoe_overflow_surrounded_room,
          nicolae_ru_the_path_less_chosen, temple_pool_b, nrook_mini_vaults,
          hangedman_decor_opposing, uniq_grinder, uniq_prince_ribbit1,
          uniq_menkaure

Skill      XL: |  1  2  3  4  5  6 |
---------------+-------------------+-----
Armour         | 1 2 3 4 5 |  5.1
Polearms       | 4 5 6 |  6.4
Fighting       | 3 4 5 |  5.7
Throwing       | |  2.0
Dodging        | |  3.2

Action                   |  1- 3 |  4- 6 |  7- 9 || total
-------------------------+-------+-------+-------++-------
Melee: Trident           |   113 |   153 |    16 ||   282
       Headbutt          |    14 |    16 |     2 ||    32
       Punch             |       |     1 |       ||     1
Throw: Throwing net      |       |     3 |       ||     3
       Javelin           |       |     2 |     1 ||     3
  Use: Scroll            |       |     9 |       ||     9
       Potion            |       |       |     1 ||     1
 Stab: Sleeping          |     5 |     2 |       ||     7
       Held in net/web   |       |     3 |       ||     3
Armor: Leather armour    |     7 |       |       ||     7
       Robe              |     7 |    32 |       ||    39
       Chain mail        |       |       |     2 ||     2
Dodge: Dodged            |    44 |    65 |     6 ||   115

Table legend: (Time is in decaauts)
 A = Elapsed time spent in this place.
 B = Non-inter-level travel time spent in this place.
 C = Inter-level travel time spent in this place.
 D = Time resting spent in this place.
 E = Time spent auto-exploring this place.
 F = Levels seen in this place.
 G = Mean time per level.
                   A        B        C        D        E       F      G
               +--------+--------+--------+--------+--------+-----+--------+
         Total |   4587 |   4406 |    181 |    870 |   2674 |   5 |  917.4 |
       Dungeon |   4587 |   4406 |    181 |    870 |   2674 |   5 |  917.4 |
               +--------+--------+--------+--------+--------+-----+--------+

Top non-repeatable levels by time:
     D:4: 1063 daAuts
     D:2: 977 daAuts
     D:5: 976 daAuts
     D:3: 800 daAuts
     D:1: 769 daAuts
